[Event "WA State, Championship"]
[Site "Redmond, WA"]
[Date "2023.02.11"]
[Round "1"]
[White "CM Jiang, Brandon"]
[Black "WIM Lee, Megan"]
[Result "1-0"]
[ECO "C54"]
[WhiteElo "2214"]
[BlackElo "2351"]
[Annotator "Brandon Jiang"]
[PlyCount "79"]
[EventDate "2023.02.11"]
[EventType "tourn"]
[EventRounds "9"]
[EventCountry "USA"]
[TimeControl "40/120:0"]

{Megan, the defending WA state champion and top-seed in the Championship
section, defeated me last year in the WA state championship tournament after
grinding me out from a slightly worse position.} 1. e4 e5 2. Nf3 Nc6 3. Bc4 $1
{I considered several opening options such as Scotch, Giuoco Piano, and Ruy
Lopez against Megan's 1.e4 e5. However, upon analyzing her previous games, I
did not like her setup against Ruy Lopez. Initially, I planned to use an
unusual line in Scotch Mieses, but after assessing the complexities of the
resulting middle-game positions, I lacked the confidence to execute it.
Ultimately, I settled on a Giuoco Piano setup that could apply long-term
pressure on the Black. This approach could come as a surprise to Megan, given
my recent tendency to play Ruy Lopez.} Bc5 4. c3 Nf6 5. d3 a6 6. h3 Ba7 7. Bb3
h6 8. Nbd2 O-O 9. Nf1 ({I also looked at} 9. g4 $1 d5 (
9... d6 10. Nf1 Be6 11. g5 hxg5 12. Bxg5 Nb8 13. Rg1 Kh7 14. Nh4 Nbd7 15. Qf3
Qe8 16. Ne3 Bxb3 17. axb3 Qe6 18. Nd5 Rac8 19. O-O-O c6 20. Bxf6 Nxf6 21. Rxg7+
Kxg7 22. Rg1+ Ng4 23. Rxg4+ Kh8 24. Nf6 Rg8 25. Rxg8+ Rxg8 26. Qh5+ Kg7 27.
Qg5+ {1-0 (27) Mamedov,R (2654) -Nasuta,G (2512) Europe Echecs INT 2021}) 10.
g5 hxg5 11. Nxg5 Ne7 12. exd5 Nexd5 13. Nde4 Bf5 14. Qf3 Bg6 15. Rg1 c6 16. Bd2
a5 17. O-O-O a4 18. Bc2 Nh5 19. d4 exd4 20. c4 Nb6 21. Ng3 d3 22. Bxd3 Qxd3 23.
Qxd3 Bxd3 24. Nxh5 Bg6 25. Ne6 Nxc4 26. Nhxg7 a3 27. bxa3 Bxf2 28. Nxf8 Kxf8
29. Ne6+ Ke7 30. Nc7 Rxa3 31. Bb4+ c5 32. Nd5+ Ke6 33. Bxa3 Bxg1 34. Nf4+ Kf5
35. Rxg1 Nxa3 36. Rf1 Ke5 37. Nxg6+ fxg6 38. Rg1 Kf5 39. Rg3 Nb5 40. Rb3 Nd6
41. a4 Ke5 42. a5 Nc4 43. Rb5 Kd5 44. Rxb7 Nxa5 45. Rg7 Nb3+ 46. Kb2 Nd4 47.
Rxg6 {1-0 (47) Mamedov,R (2659) -Warmerdam,M (2498) Wijk aan Zee 2020}) 9... d5
10. Qe2 Be6 11. Ng3 Na5 12. Nxe5 ({Another option in my preparation is} 12. Bc2
dxe4 13. dxe4 Bc4 14. Qd1 Qxd1+ 15. Bxd1 Bd3 (15... Rfe8 16. Be2 Rad8 17. Nd2
Bd3 18. Bxd3 Rxd3 19. Ke2 $10) 16. Nxe5 Bxe4 17. O-O Rfe8 18. Nf3 Nc4 19. Be2
Bd5 20. Rd1 b5 21. Kf1 Rad8 22. Nd4 c5 23. Ndf5 Bb8 24. b3 Nd6 25. Be3 Nfe4 26.
Rac1 Nxf5 27. Nxf5 b4 28. cxb4 cxb4 29. Bb6 Rd7 30. Bg4 Rb7 31. Bd4 Be5 32. Ne3
Bxd4 33. Rxd4 {1-0 (33) Kramnik,V (2480)-Galdunts,S (2470) Kherson 1991}) 12...
Nxb3 13. axb3 dxe4 14. dxe4 Bxb3 15. Be3 (15. O-O Re8) 15... Re8 16. f4 $6 (16.
Bxa7 $1 Rxa7 (16... Rxe5 17. Bd4 Re6 18. O-O Nxe4 19. Nxe4 f5 20. Nf6+ Qxf6 21.
Qf3 $11) 17. f4 (17. Nf3 b5 {with Bc4 threat, White cannot castle.})) 16... Nd7
17. Nxd7 Bxe3 18. Qxe3 Qxd7 19. O-O Rad8 20. Qf3 Qe6 21. Kh2 Rd2 22. Ra5 $2 (
22. Rf2 $1 Red8 23. Qe3) 22... Qb6 $1 (22... Rxb2 23. Re5 Qc8 24. Qg4 $1 $40 {
and Nf5 is next.}) 23. Rh5 Bc4 24. Rg1 (24. Rd1 $4 Be2 $1 $19 (24... Rxd1 25.
Qxd1 Qxb2 26. Qd4 Be6 27. f5 Ba2 28. Rxh6 c5 (28... gxh6 29. Nh5 Kf8 30. Qc5+
Re7 (30... Kg8 31. Nf6+) 31. f6) 29. Qd7 (29. Qe3 f6 30. Rxf6 gxf6 31. Qh6 Qb6
32. Nh5 Qc7+ 33. Kg1 Rf8 34. Qg6+ Kh8 35. Qh6+ Kg8 $11) 29... Qb5 30. Qd2 gxh6
31. Qxh6 Qc6 32. f6 $18)) 24... Rxb2 25. Qg4 Kf8 26. e5 Bd3 (26... Qc6 27. Nf5
Qg6 28. Qh4 {threaten Rg5!} Bd3 (28... f6 29. Nxh6) 29. Nxh6 (29. Rg5 Qh7)
29... f5 $3 $13) 27. Qd7 Bb5 28. Qg4 Qe6 $2 29. Qh4 $2 (29. Nf5 Qg6 30. Qh4)
29... Qe7 $6 (29... Bd3 $19) 30. Qg4 (30. Rxh6 Qxh4 31. Rxh4 g6 $15 32. Ne4 Ke7 33. Nf6 Rd8 ) 30... Bd7 31.
Qd1 Rd8 32. Qd3 $4 (32. Qa1 Rf2 33. Qe1 Rxf4 34. Qe3 Rf6) 32... Kg8 $2 (32...
g6 33. Rxh6 Kg7 34. Rh5 Bg4 $19) 33. Qe3 Rb6 $2 (33... a5 34. f5 f6 35. e6 Bc6)
34. f5 f6 35. e6 Be8 36. Rh4 Rb5 37. Rf1 (37. Rg4 {also a good alternative})
37... Kf8 $2 (37... Re5 38. Qf4 a5 $13) 38. Rxh6 $1 gxh6 $4 {in time trouble,
Megan missed White's Move 40.} (38... Kg8 39. Rh4 $16) 39. Qxh6+ Qg7 (39... Kg8
40. Ne4 $18) 40. e7+ $1 {Black resigned. “A good beginning is half of the
success”! While I consider myself fortunate to have won this game, I must
say that going into a tournament with the goal of defeating the defending
champion (who is likely the strongest player in the section) gave me a
tremendous amount of confidence for the remainder of the tournament.} 1-0

[Event "WA State, Championship"]
[Site "Redmond, WA"]
[Date "2023.02.20"]
[Round "9"]
[White "NM Aliyev, Timur"]
[Black "CM Jiang, Brandon"]
[Result "0-1"]
[ECO "C41"]
[WhiteElo "2349"]
[BlackElo "2214"]
[Annotator "Brandon Jiang"]
[PlyCount "86"]
[EventDate "2023.02.11"]
[EventType "tourn"]
[EventRounds "9"]
[EventCountry "USA"]
[TimeControl "40/120:0"]

{Going into this game, I knew it was a must-win for me. I was half a point
behind Timur, who had been performing exceptionally well in the Championship
section with 5 wins and 3 draws in the first 8 rounds. He was the 2nd
highest-seeded player and only needed a draw to secure the WA state
championship. While a draw would secure me a 2nd place finish in the
Championship section, I made the decision to play for a win.} 1. e4 e5 2. Nf3
Nc6 3. Nc3 g6 $1 {A risky move, but fit the last round situation.} 4. d4 exd4
5. Nxd4 Bg7 6. Be3 d6 $1 {Timur was expecting 6...Nf6.} (6... Nf6 7. Qd2 O-O 8.
O-O-O) 7. Be2 $6 {This is not the most critical move. If White wants to have
opening advantage, he must play Qd2 and 0-0-0.} Nf6 8. O-O O-O {Mission
accomplished. Based on the situation in the last round, we anticipated that
White might opt for a less aggressive approach. Now the position is about
equal, even I am out of preparation (my preparation mostly spent on White's
Qd2/0-0-0 setup). I felt this was a good sign for me.} 9. f3 Re8 10. Qd2 d5 11.
Nxc6 bxc6 12. Rad1 Qe7 13. Bg5 Qc5+ 14. Kh1 Be6 15. Na4 Qf8 16. Qf4 Qe7 17. Qh4
Bd7 18. Nc3 Qe6 $6 (18... Rab8 19. b3 h6 20. Be3 a5 $13) 19. exd5 $6 (19. Rfe1
Rab8 20. exd5 Qd6 21. Bc4) 19... cxd5 20. Rfe1 Qb6 21. Bd3 (21. Nxd5 Nxd5 22.
Rxd5 Bc6 23. Rdd1 {This was his best chance to equalize}) 21... h6 22. Bxf6
Bxf6 23. Qxh6 c6 24. Qf4 Kg7 25. Na4 $2 (25. Qd6 $1 Rad8 26. Rxe8 Bxe8 27. Qa3
$13) 25... Qa5 26. Rxe8 Rxe8 27. Nc3 Bxc3 $6 (27... Qb6 $1 28. Qc1 Rb8) 28.
bxc3 Qxc3 29. Qc1 $2 (29. h3) 29... c5 30. Qa1 $4 {Queen-less endgame is
helpless for White.} (30. Kg1 {White is worse, but he still has some chance to
save the game.}) 30... Qxa1 $19 {With the position in my favor, it was now the
time for me to convert my advantage to a full point.} 31. Rxa1 c4 32. Bf1 Rb8 (
32... Re3 33. Kg1 Rc3 34. Rc1 Bf5) 33. Rd1 Be6 34. Kg1 Rb2 35. Rc1 Rxa2 36. Be2
a5 37. Kf2 d4 38. Ke1 a4 39. Kd2 a3 40. Rb1 d3 41. Bd1 Rb2 42. Ra1 dxc2 43.
Bxc2 Bf5 {White resigned. I was so happy that I became the 2023 WA state
champion!} 0-1

[Event "WA State, Invitational"]
[Site "Redmond, WA"]
[Date "2023.02.18"]
[Round "6"]
[White "Razmov, Valentin"]
[Black "Tessiore, Luca"]
[Result "1/2-1/2"]
[ECO "D38"]
[WhiteElo "1818"]
[BlackElo "1945"]
[Annotator "Valentin Razmov"]
[PlyCount "145"]
[EventDate "2023.02.11"]
[EventType "tourn"]
[EventRounds "9"]
[EventCountry "USA"]
[TimeControl "40/120+10:0"]

{This game was played in round 6, at which point both players had chances for
a podium finish, so the end result mattered.} 1. d4 Nf6 2. c4 e6 3. Nf3 d5 4.
Nc3 Bb4 {First small opening surprise by Black.} 5. Qa4+ {After some
contemplation, White decided not to follow the main lines after 5.Bg5, as the
opponent was likely freshly prepared there. One of the ideas behind Qa4+ is
that it forces Black's knight onto the c6-square, where it interferes (at
least for some time) with the typical pawn break c7-c5.} Nc6 6. Bg5 {By now
White has taken a sideline of a sideline, so the game progresses without much
effect of memorized lines from here onward.} ({An alternative is to play more
conventionally with} 6. e3 O-O 7. Qc2 b6 (7... Re8 8. Bd2) 8. Bd2 {but there
isn't much opening benefit for White to expect here.}) 6... Bd7 $6 {Second
opening surprise by Black. Although this is a normal move, it does not pose
much challenge for White.} (6... dxc4 {seems more challenging for White, as in
some variations White does not get their c-pawn back and plays for long-term
positional compensation much in the style of Catalan openings:} 7. e3 (7. e4
Bd7 8. Qc2 h6 9. Bd2 b5 $5 10. Nxb5 Bxd2+ 11. Nxd2 a6 12. Na3 Nxd4 13. Qxc4 Bb5
$15) 7... Bd7 8. Qc2 b5 9. Be2 a6 10. O-O $13) 7. Qb3 h6 8. Bxf6 Qxf6 9. e3
dxc4 10. Bxc4 O-O 11. O-O {After avoiding the more complicated opening lines 
(knowingly or unknowingly), the resulting position is only slightly better for
White.} Qe7 $6 {By itself not a bad move, but the beginning of a wrong plan.
Black was evidently more experienced in the classical QGD lines that continue
with some c7-c5 pawn break, and here they seek that opportunity, even though
it's not the best.} (11... Bd6 {instead moves the bishop away from any
possible tactical strikes and keeps a solid position for Black.}) 12. Qc2 {
Side-stepping the obvious threat ...Na5.} Na5 $6 {By now it's evident that
Black feels the urge to push c7-c5, so White looks for ways to capitalize on
that manufactured urge.} (12... Bd6 {is still okay for Black.}) 13. Be2 $146 {
The first truly new move. White aims to clear the d-file and bring that bishop
to the long diagonal h1-a8 in the long run.} c5 $2 $16 {Allowing White a
long-term pressure on a pawn weakness.} (13... Rac8 14. a3 Bd6 15. Rac1 Rfd8
$14) 14. a3 {Starting a forcing line...} Bxc3 15. Qxc3 b6 16. dxc5 Qxc5 17.
Qxc5 bxc5 $16 18. Rac1 $6 {Missing a strong and non-obvious way to put
considerable positional pressure on Black, where despite the symmetrical pawn
structure Black's pieces would be harder to develop and connect properly.} (18.
b4 $1 {White overlooked this move, as they were too fixated at this point on
the idea to exploit the c5-pawn weakness.} cxb4 (18... Nb7 19. Ne5 Rfd8 20. Ba6
Bc8 21. Rfd1 $16 (21. Nc6 Rd7 22. Rfd1)) 19. axb4 Nb7 (19... Nc6 $6 20. b5 Ne7
21. Ne5 $16) 20. Ne5 Be8 21. b5 $16) 18... Rfb8 19. Ne5 Bb5 {Practically
required. Black offered a draw here, which White felt was a bit premature, so
the play continued.} 20. Bxb5 {Played somewhat reluctantly...} ({Here White
spent a long time evaluating instead the consequences of} 20. Bf3 $5 Bxf1 {
including by sacrificing (temporarily) the exchange:} 21. Kxf1 $1 (21. Bxa8 Ba6
(21... Nb3 22. Rxf1 Rxa8 23. Rd1 $14) 22. Rxc5 Rxb2 23. f4 $14 {and White does
not gain much in that line.}) 21... c4 $1 22. Rc3 $1 {A strong move that White
missed while calculating- it supports the white rook while leaving Black
without a particularly useful move to help untangle. This omission was the
main reason for not taking the promising 20.Bf3 route.} (22. Bxa8 Rxa8 23. Rc3
Rc8 24. b4 f6 25. Nd3 Nb7 26. Nc5 Nd6 27. Nxe6 Nb5 $14) 22... Rb5 23. Bxa8 Rxe5
24. a4 $1 g5 25. g4 {and although the resulting endgame position remains
complicated, what is clear is that White plays for two results here.}) 20...
Rxb5 21. a4 $1 {Fighting for a positional advantage before Black has managed
to fully consolidate.} Rxb2 22. Rxc5 Nb7 23. Rc7 f6 $6 {Clearly, Black wants
to not lose their f7-pawn, but this move causes a considerable weakening of
Black's king-side pawn structure, which was to persist throughout the endgame.}
(23... Nd6 24. Rd7 Ne4 25. Rxf7 Ra2 26. Re7 Rxa4 27. Rxe6 a5 $14 {Black has
compensation for the sacrificed pawn. Still, it's always easier to sacrifice
other people's pawns. ;-)}) 24. Nc6 Kh7 $6 {Apparently preparing to add a rook
on g8 to protect the g7-pawn in the long-term, but this creates a bind on
Black's pieces.} (24... Nd8 25. Nxd8 (25. Ne7+ Kh7 26. h4) 25... Rxd8 26. Rxa7
Ra2 27. h3 Rdd2 28. g4 $14) 25. Nd4 Nd8 26. Rfc1 $6 {The idea of a strong rook
presence on the 7th rank is correct, but its realization here is bit rushed.
It was better to fix Black's weaknesses first:} (26. h4 $1 a5 27. h5 $16) 26...
e5 27. Nf5 Ne6 28. Re7 Rb6 $6 (28... Rc8 $1 {gains a tempo instead, bringing
Black's second rook to a more active position quickly:} 29. Rd1 Rd2 30. Rf1 Kg6
(30... Rc6 31. g4) 31. g4 Rc6 32. Kg2 $16) 29. g4 $1 a5 {Black spent 40
minutes here, looking for practical chances, and apparently found something
unexpected.} 30. Rd1 Rg8 31. Rdd7 {Black is in a bind. Almost a zugzwang
situation $1} Nc5 $5 {Objectively perhaps not the best option, according to
the engines, but this move offers Black an excellent chance -- both
psychologically (suddenly Black gains apparent activity in exchange for a pawn)
and practically (in the opponent's mild time trouble: White had 11 minutes
left to complete the next 9 moves.} 32. Rxg7+ $6 {It's hard to resist the
temptation of capturing material -- especially gaining extra material -- with
check.} (32. Rc7 $1 Ne6 (32... Nxa4 $2 33. Nxg7 $18) 33. Ra7 Kg6 34. h4 h5 35.
Red7 $1 $18 {threatening Ne7+}) 32... Rxg7 33. Rxg7+ Kh8 34. Ra7 Rb4 35. Ra8+ {
Repeating the position once while calculating options...} Kh7 36. Ra7+ Kh8 37.
Rxa5 $6 {With 6 minutes for 4 moves till the time control, White starts to err
and spill their advantage.} (37. Nxh6 Rxa4 38. Nf7+ Kg8 39. Nh6+ Kh8 40. Kg2
$16 {would offer better endgame conversion chances, but White was unsure how
dangerous Black's a-passer could become, and didn't want to take the risk on
it.}) 37... Rxg4+ 38. Kf1 Nxa4 {We're now at the second critical moment of the
endgame. A correct plan by White would win -- but it requires finding an only
move to start that plan; an incorrect plan gives Black excellent drawing
chances, as demonstrated in the game. Can you spot the correct winning plan 
(and best first move) for White $2} 39. f3 $2 {After some contemplation and
with just 1 minute left for the final move, White errs and loses their last
winning chance.} (39. Ra6 $1 {The winning idea is to focus on the f6-pawn
weakness, not h6 -- even if the latter is more apparent and \"the lower
hanging fruit\". The white knight on f5 is dominant and should not leave its
outpost -- otherwise, Black's king activates and White's win evaporates.} h5 (
39... Rg6 $4 40. Rxa4) 40. Rxf6 Rg5 41. h4 Rg4 42. Rh6+ Kg8 43. Re6 Kf7 44.
Rxe5 $18) 39... Rb4 {Here Black offered a second draw, and rightfully so. Plus,
the chance of a correct assessment by White with just 1 minute to go is
relatively small.} 40. Nxh6 $6 {White plays on auto-pilot... At least two
other move options were relatively better:} (40. Ra6 $1 Nb6 41. Kg2 $16) (40.
Kg2 Nc3 41. Ra6 $1 $16) 40... Nb6 41. Ra2 $6 {After spending 15 minutes to
build an endgame plan, White decides to bet on ensuring the forward path of
their king, rather than allowing ...Rb2 to limit its mobility. Although this
is a typical and valuable endgame idea, concretely in this position it wasn't
the best.} (41. Nf5 $5 {would have properly continued White's fight for a win:}
Rb2 (41... e4 42. f4 Rb2 43. h4 Nc4 44. Rc5 Nd2+ 45. Ke1 Nf3+ 46. Kd1 Rd2+ 47.
Kc1 Rh2 48. Rc6 Nxh4 49. Nxh4 Rxh4 50. Rxf6 $16) 42. h4 $1 Kh7 (42... e4 43.
fxe4 Nc4 44. Ra6 Kh7) 43. Rc5 Kg6 44. e4 Rd2 45. Rc7 Rd7 $16) ({The R+3P vs R
$146 endgame after} 41. Nf7+ Kg7 42. Nxe5 $2 fxe5 43. Rxe5 Nc4 {looked
interesting theoretically, but not promising for White. So White rejected that
option.}) 41... Nd5 42. Nf5 Kh7 43. Rg2 Rb1+ 44. Kf2 Rb2+ 45. Kg3 Rxg2+ $1 {
White was hoping to be able to increase their piece activity in the knight
endgame, but here Black's king and knight are first to reach that goal, which
ensures the drawn outcome of the game.} 46. Kxg2 Kg6 47. e4 Nf4+ 48. Kg3 Kh5
49. Ne3 {White tries for a bit longer, but the draw is never in doubt any more.
} Ne2+ 50. Kf2 Nd4 51. Ng4 Kg5 52. Ke3 Nc2+ 53. Kf2 Nd4 54. Ne3 Kf4 55. Nd5+
Kg5 56. Ne7 (56. h4+ Kxh4 57. Nxf6 Kg5) 56... Kf4 57. Ng6+ Kg5 58. Nh8 Kh6 (
58... f5) 59. Nf7+ Kg6 60. Nd6 Kg5 61. Ke3 Nc2+ 62. Ke2 Nd4+ 63. Ke3 Nc2+ 64.
Kf2 Nd4 65. Kg3 Ne2+ 66. Kg2 Nd4 67. Nc4 Kf4 68. Nd2 Ke3 69. Nf1+ Kf4 70. Ng3
Nxf3 71. Nh5+ Kxe4 72. Nxf6+ Kf5 73. Kxf3 {Congratulations to Luca on his
fantastic defense in the second part of the game $1} 1/2-1/2